 Dungeon Crawl Stone Soup version 0.30.0-17-ge0270778cf (webtiles) character file.

Game seed: 5312639089634295264

183 Twinkles the Slasher (level 5, -4/40 HPs)
             Began as a Vampire Warper on May 21, 2023.
             Slain by a kobold brigand
             ... wielding a +0 dagger of speed
              (7 damage)
             ... on level 3 of the Dungeon.
             The game lasted 00:04:43 (2218 turns).

Twinkles the Slasher (Vampire Warper)               Turns: 2218, Time: 00:04:43

Health: -4/40      AC:  5    Str: 10    XL:     5   Next: 35%
Magic:  8/8        EV: 11    Int: 21    God:
Gold:   122        SH:  0    Dex: 16    Spells: 4/8 levels left

rFire   . . .        a - +0 falchion
rCold   . . .        (no shield)
rNeg    . . .        m - +0 ring mail
rPois   .            (no helmet)
rElec   .            (no cloak)
rCorr   +            (no gloves)
SInv    +            (no boots)
Will    .....        (no amulet)
Stlth   +            h - ring of resist corrosion
HPRegen 0.46/turn    k - +6 ring of intelligence
MPRegen 0.11/turn

%: no passive effects
@: attractive, healing quickly
A: alive, fangs 3, see invisible, vampiric 2
a: Exsanguinate


You were on level 3 of the Dungeon.
You visited 1 branch of the dungeon, and saw 3 of its levels.

You collected 144 gold pieces.
You spent 22 gold pieces at shops.

Inventory:

Hand Weapons
 a - a +0 falchion (weapon)
Missiles
 d - 7 boomerangs of dispersal (quivered)
 e - 12 poisoned darts
 n - 6 silver javelins
Armour
 b - a +0 leather armour
 m - a +0 ring mail (worn)
Jewellery
 h - a ring of resist corrosion (left hand)
 k - a +6 ring of intelligence (right hand)
Wands
 p - a wand of paralysis (6)
Scrolls
 c - a scroll of poison {unknown}
 f - a scroll of vulnerability {unknown}
 g - a scroll of teleportation {unknown}
 j - a scroll of enchant weapon {unknown}
 l - a scroll of amnesia {unknown}
 q - a scroll of enchant armour {unknown}
 D - 2 scrolls of blinking
 Z - 4 scrolls of identify
Potions
 A - a potion of attraction
 C - 2 potions of cancellation
 L - a potion of flight


   Skills:
 + Level 2.9 Fighting
 * Level 4.2 Long Blades
 - Level 0.7 Throwing
 - Level 0.7 Armour
 + Level 3.5 Dodging
 - Level 2.0 Spellcasting
 - Level 2.4 Translocations


You had 4 spell levels left.
You knew the following spells:

 Your Spells              Type           Power      Damage    Failure   Level
a - Blink                 Tloc           24%        N/A       22%         2
b - Lesser Beckoning      Tloc           24%        N/A       22%         2

Your spell library contained the following spells:

 Spells                   Type           Power      Damage    Failure   Level
 Shock                    Conj/Air       8%         1d3       36%         1
 Teleport Other           Tloc           12%        N/A       41%         3
 Vhi's Electric Charge    Tloc/Air       14%        N/A       56%         3
 Swiftness                Air            2%         N/A       75%         3
 Manifold Assault         Tloc           12%        N/A       82%         4
 Airstrike                Air            1%         2d(1-17)  98%         4
 Cause Fear               Hex            1%         N/A       98%         4
 Dragon Form              Tmut           1%         N/A       100%        7
 Dragon's Call            Summ           1%         N/A       100%        9


Dungeon Overview and Level Annotations

Branches:
Dungeon (3/15) Zot: 15743

Altars:

Shops:
D:2 ?   D:3 !


Innate Abilities, Weirdness & Mutations

Your natural rate of healing is accelerated.
You have razor-sharp teeth.
You have supernaturally acute eyesight. (SInv)
You are afflicted with vampirism and can become a bat while bloodless.


Message History

You feel very sick.
It was a potion of curing.
You feel better.
J - a potion of curing The kobold brigand is attracted toward you.
The kobold brigand is attracted toward you. x2
The kobold brigand barely misses you.
The kobold brigand attacks as you move away!
The kobold brigand closely misses you.
The kobold brigand throws a poisoned dart.
The poisoned dart hits you!
You are poisoned.
The kobold brigand is attracted toward you. x2
You hit the kobold brigand.
The kobold brigand is lightly wounded.
You feel very sick. The kobold brigand barely misses you.
The kobold brigand closely misses you.
You closely miss the kobold brigand.
The kobold brigand is lightly wounded.
You feel sick.
The kobold brigand hits you with a +0 dagger of speed.
* * * LOW HITPOINT WARNING * * *
The kobold brigand hits you but does no damage.
You hit the kobold brigand.
The kobold brigand is moderately wounded.
You feel sick.
The kobold brigand hits you with a +0 dagger of speed.
* * * LOW HITPOINT WARNING * * *
You feel better.
The kobold brigand hits you with a +0 dagger of speed.
* * * LOW HITPOINT WARNING * * *
The kobold brigand hits you but does no damage.
You hit the kobold brigand.
The kobold brigand is moderately wounded.
The kobold brigand misses you.
You closely miss the kobold brigand.
The kobold brigand is moderately wounded.
The kobold brigand hits you with a +0 dagger of speed.
* * * LOW HITPOINT WARNING * * *
The kobold brigand hits you with a +0 dagger of speed!
You die...

#.#####..#.....# #.........#.#
#........####### #.#######.#.#
#.######.## #)#.....÷...##
#.#...>...##########...##..#.....
....####..............#....#..###
..#### ##.#####......#..#..#..#
#.##.## #.......K.§..#.##..#~##
#.#>#.##########K##....##..#~~#
.....#.# #@##....#..##~~##
###...## #.##.#.##..#≈≈~~# ##÷##
#.##...##..#≈≈~~# #..#
#.####.##.K#≈~~~# ##.# #.#
#.##.K##~~## #.# #.# #.###..#~~..
#.# #.# #.# #..##~### #.# #.#
#.####..# # #.# #[## #.##~#..#


You could see 2 kobold brigands.

Vanquished Creatures
  2 hounds (D:3)
  Terence (D:2)
  3 adders
  2 worms
  3 bats
  7 endoplasms
  A giant cockroach (D:1)
  5 hobgoblins
  6 jackals
  4 quokkas
  4 ball pythons
  5 frilled lizards
  5 goblins
  16 kobolds
  2 rats (D:3)
66 creatures vanquished.

Notes
Turn   | Place    | Note
-------+----------+-------------------------------------------
     0 | D:1      | Twinkles the Vampire Warper began the quest for the Orb.
     0 | D:1      | Reached XP level 1. HP: 16/16 MP: 3/3
   174 | D:1      | Reached XP level 2. HP: 18/22 MP: 5/5
   443 | D:1      | Found a faded altar of an unknown god.
   443 | D:1      | Noticed a crimson imp
   941 | D:2      | Gained mutation: You are afflicted with vampirism and can
                  | become a bat while bloodless. [Vampire growth]
   941 | D:2      | Reached XP level 3. HP: 25/27 MP: 6/6
   950 | D:2      | Reached skill level 3 in Long Blades
  1164 | D:2      | Learned a level 2 spell: Blink
  1167 | D:2      | Learned a level 2 spell: Lesser Beckoning
  1198 | D:2      | Found Xeef's Magic Scroll Boutique.
  1213 | D:2      | Bought a scroll of identify for 22 gold pieces
  1245 | D:2      | Noticed Terence
  1258 | D:2      | Killed Terence
  1259 | D:2      | Reached XP level 4. HP: 26/34 MP: 7/7
  1580 | D:3      | Found Atufitin's Distillery.
  1798 | D:3      | Reached skill level 4 in Long Blades
  1798 | D:3      | Reached XP level 5. HP: 32/39 MP: 8/8
  1880 | D:3      | Identified the +2 dagger "Raisin" {chaos, rN+}
  2197 | D:3      | HP: 13/40 [poisoned by a kobold brigand]
  2201 | D:3      | HP: 3/40 [poisoned by a kobold brigand]
  2202 | D:3      | HP: 1/40 [poisoned by a kobold brigand]
  2213 | D:3      | HP: 9/40 [poisoned by a kobold brigand]
  2215 | D:3      | HP: 4/40 [kobold brigand/+0 dagger of speed (1)]
  2218 | D:3      | Slain by a kobold brigand

Illustrated notes

Levels and vault maps discovered:
D:1:      dreamdust_arrival_beginning_and_end, layout_loops_cross,
          dreamdust_ecumenical_altar_sealed_demon
D:2:      layout_rooms, serial_shops, nicolae_shop_stone, uniq_terence
D:3:      cheibrodos_thug_alley, layout_loops_ring, zin_statuary, serial_shops,
          nicolae_shop_behind_doors, serial_bayou_pond_e

Skill      XL: |  1  2  3  4 |
---------------+-------------+-----
Fighting       | 2 |  2.9
Long Blades    | 3 4 |  4.2
Dodging        | 3 |  3.5
Throwing       | |  0.7
Armour         | |  0.7
Spellcasting   | |  2.0
Translocations | |  2.4

Action                     |  1- 3 |  4- 6 || total
---------------------------+-------+-------++-------
  Melee: Falchion          |   138 |   114 ||   252
         Bite              |     8 |     9 ||    17
         Punch             |     1 |     2 ||     3
    Use: Scroll            |       |     2 ||     2
         Potion            |       |     3 ||     3
 Armour: Leather armour    |    37 |     1 ||    38
         Ring mail         |       |    37 ||    37
  Dodge: Dodged            |   113 |    75 ||   188
